 Dungeon Crawl Stone Soup version 0.28.0-49-g6dfe1f597d (webtiles) character file.

Game seed: 17035286085314748046

471 Atelerd the Digger (level 7, -1/43 HPs)
             Began as an Octopode Earth Elementalist on May 12, 2022.
             Killed from afar by Ijyb (8 damage)
             ... with a bolt of acid
             ... on level 4 of the Dungeon.
             The game lasted 00:02:59 (3574 turns).

Atelerd the Digger (Octopode Earth Elementalist)    Turns: 3574, Time: 00:02:59

Health: -1/43      AC: -3    Str:  8    XL:     7   Next: 9%
Magic:  6/12       EV: 13    Int: 19    God:
Gold:   167        SH:  0    Dex: 12    Spells: 8/13 levels left

rFire   . . .      SeeInvis .   d - +3 dagger
rCold   . . .      Faith    .   (no shield)
rNeg    . . .      Spirit   .   (helmet restricted)
rPois   .          Reflect  .   i - amulet of regeneration
rElec   .          Harm     .   (no ring)
rCorr   .          Rampage  .   (no ring)
Will    .....                   (no ring)
Stlth   +++.......              (no ring)
HPRegen 0.94/turn               (no ring)
MPRegen 0.13/turn               (no ring)
                                (no ring)
                                (no ring)

@: corroded
A: almost no armour, amphibious, 8 rings, camouflage 1, gelatinous body 1,
(nimble swimmer 1), tentacles
a: no special abilities


You were on level 4 of the Dungeon.
You visited 1 branch of the dungeon, and saw 4 of its levels.

You collected 167 gold pieces.

Inventory:

Hand Weapons
 d - a +3 dagger (weapon)
Missiles
 b - 72 stones
Jewellery
 h - a ring of flight
 i - an amulet of regeneration (around mantle)
 j - a ring of ice
Scrolls
 a - a scroll of immolation {unknown}
 e - a scroll of brand weapon {unknown}
 f - a scroll of fear {unknown}
 m - a scroll of fog {unknown}
 n - a scroll of vulnerability {unknown}
Potions
 c - 2 potions of mutation {unknown}
 g - a potion of lignification {unknown}
 k - a potion of might {unknown}
 l - a potion of heal wounds {unknown}


   Skills:
 - Level 1.1 Fighting
 - Level 2.6 Short Blades
 - Level 2.0 Dodging
 * Level 4.0 Stealth
 - Level 1.0 Unarmed Combat
 + Level 3.9 Spellcasting
 - Level 2.0 Transmutations
 + Level 5.0 Earth Magic


You had 8 spell levels left.
You knew the following spells:

 Your Spells              Type           Power      Damage    Failure   Level
a - Sandblast             Erth           44%        2d11      1%          1
p - Petrify               Tmut/Erth      17%        N/A       32%         4

Your spell library contained the following spells:

 Spells                   Type           Power      Damage    Failure   Level
 Passwall                 Tmut/Erth      14%        N/A       4%          2
 Beastly Appendage        Tmut           22%        N/A       6%          1
 Wereblood                Tmut           11%        N/A       10%         2
 Stone Arrow              Conj/Erth      26%        3d8       14%         3
 Spider Form              Tmut/Pois      7%         N/A       28%         3


Dungeon Overview and Level Annotations

Branches:
Dungeon (4/15)
 Temple: D:4-7

Altars:
Hepliaklqana

Annotations:
D:4 Ijyb


Innate Abilities, Weirdness & Mutations

You cannot wear most types of armour.
You are amphibious.
You can wear up to eight rings at the same time.
Your skin changes colour to match your surroundings (Stealth+).
Your rubbery body absorbs attacks. (AC +1, EV +1)
((You are camouflaged when in or above water. (Stealth+)))
You have tentacles for arms and can constrict up to eight enemies at once.


Message History

The hobgoblin shouts!
The adder hisses angrily.
Ijyb shouts!
The blast of sand misses the hobgoblin.
A ball python comes into view.
The blast of sand hits the adder!
You kill the adder!
The ball python hisses angrily.
The hobgoblin hits you.
Your Stealth skill increases to level 4!
The blast of sand hits the hobgoblin!
You kill the hobgoblin!
Ijyb zaps a wand.
The bolt of acid hits you!!
Ouch! That really hurt!
* * * LOW HITPOINT WARNING * * *
The acid corrodes you!
Casting: Sandblast (safe; 1% risk of failure)
Confirm with . or Enter, or press ? or * to list all spells.
Aiming: Sandblast (safe; 1% risk of failure)
Press: ? - help, Shift-Dir - straight line, f - Ijyb
Aim: Ijyb, wielding a +0 dagger, wearing a +0 leather armour and carrying a wand of acid (5) (76% to hit)
The blast of sand hits Ijyb.
Ijyb is lightly wounded.
Unknown command.
Casting: Sandblast (safe; 1% risk of failure)
Confirm with . or Enter, or press ? or * to list all spells.
Aiming: Sandblast (safe; 1% risk of failure)
Press: ? - help, Shift-Dir - straight line, f/p - Ijyb
Aim: Ijyb, wielding a +0 dagger, wearing a +0 leather armour and carrying a wand of acid (5) (lightly wounded, 76% to hit)
The blast of sand hits Ijyb.
Ijyb is moderately wounded.
Ijyb hits you with a +0 dagger.
* * * LOW HITPOINT WARNING * * *
Casting: Sandblast (safe; 1% risk of failure)
Confirm with . or Enter, or press ? or * to list all spells.
Aiming: Sandblast (safe; 1% risk of failure)
Press: ? - help, Shift-Dir - straight line, f/p - Ijyb
Aim: Ijyb, wielding a +0 dagger, wearing a +0 leather armour and carrying a wand of acid (5) (moderately wounded, 76% to hit)
The blast of sand hits Ijyb!
Ijyb is severely wounded.
Ijyb zaps a wand.
The bolt of acid hits you!
You die...

...##.####...).#.........######
..............<..........#
##############...........#
#.............# ####..###.#####
#..###.##.# #....##.#.##
##.....#....# #....†@.....#
#....g......# #...S...#...#
........#.##.... .......##.#
.... .....## .. ....# ..[## ###
.).# ###


You could see Ijyb and a ball python.

Vanquished Creatures
  An ogre (D:4)
  2 phantoms (D:4)
  A bullfrog skeleton (D:3)
  Natasha (thrice) (D:3)
  3 gnolls (D:4)
  3 adders
  4 dart slugs
  2 worms
  6 orcs
  3 ball pythons
  4 bats
  3 endoplasms
  3 giant cockroaches
  8 goblins
  6 hobgoblins
  4 jackals (D:2)
  3 kobolds
  A quokka (D:3)
  6 frilled lizards
  2 rats
68 creatures vanquished.

Notes
Turn   | Place    | Note
-------+----------+-------------------------------------------
     0 | D:1      | Atelerd the Octopode Earth Elementalist began the quest for
                  | the Orb.
     0 | D:1      | Reached XP level 1. HP: 11/11 MP: 3/3
   271 | D:1      | Reached XP level 2. HP: 17/17 MP: 5/5
  1284 | D:2      | Reached XP level 3. HP: 18/21 MP: 6/6
  1790 | D:2      | Reached skill level 4 in Earth Magic
  2142 | D:2      | Found a faded altar of an unknown god.
  2156 | D:2      | Reached XP level 4. HP: 27/27 MP: 6/8
  2311 | D:3      | Found a hazy altar of Hepliaklqana.
  2840 | D:3      | Noticed Natasha
  2845 | D:3      | Killed Natasha
  2846 | D:3      | Reached skill level 1 in Short Blades
  2881 | D:3      | Reached XP level 5. HP: 27/32 MP: 7/9
  2990 | D:3      | Noticed Natasha
  2995 | D:3      | Killed Natasha
  3012 | D:3      | Noticed Natasha
  3019 | D:3      | Killed Natasha
  3020 | D:3      | Reached skill level 1 in Unarmed Combat
  3250 | D:4      | Noticed an ogre
  3256 | D:4      | Learned a level 4 spell: Petrify
  3260 | D:4      | Killed an ogre
  3261 | D:4      | Reached skill level 1 in Fighting
  3261 | D:4      | Reached XP level 6. HP: 32/38 MP: 5/11
  3462 | D:4      | Reached skill level 5 in Earth Magic
  3462 | D:4      | Reached XP level 7. HP: 37/43 MP: 5/12
  3565 | D:4      | Noticed Ijyb
  3574 | D:4      | Killed from afar by Ijyb

Illustrated notes

Levels and vault maps discovered:
D:1:      lightli_arrival_flooded_house, layout_basic
D:2:      layout_rooms, shapermc_ecumenical_altar_notcrosses,
          chequers_arboretum, nrook_campfire, patterned_corridor
D:3:      layout_loops_ring, mainiacjoe_overflow_concentric_impassable,
          dk_noncrumbling_2, uniq_natasha
D:4:      kennysheep_spiral_hall, layout_rooms, wad_floor_pattern_untrapped,
          uniq_ijyb

Skill      XL: |  1  2  3  4  5  6  7 |
---------------+----------------------+-----
Earth Magic    | 4 5 |  5.0
Short Blades   | 1 2 |  2.6
Spellcasting   | 3 |  3.9
Unarmed Combat | 1 |  1.0
Fighting       | 1 |  1.1
Stealth        | 3 4 |  4.0
Transmutations | 2 |  2.0
Dodging        | |  2.0

Action                   |  1- 3 |  4- 6 |  7- 9 || total
-------------------------+-------+-------+-------++-------
Melee: Unarmed           |    25 |       |       ||    25
       Constrict         |    18 |     8 |       ||    26
       Tentacles         |    15 |     8 |       ||    23
       Dagger            |    28 |    36 |       ||    64
       Punch             |       |     2 |       ||     2
 Cast: Sandblast         |     8 |    42 |     7 ||    57
 Stab: Sleeping          |    13 |     6 |       ||    19
       Distracted        |     1 |       |       ||     1
Armor: Skin              |     2 |       |       ||     2
Dodge: Dodged            |    27 |    20 |       ||    47
